 Dungeon Crawl Stone Soup version 0.17-b1-18-g553e9fc (webtiles) character file.

6396 ReteAZ the Martial Artist (level 10, -10/91 HPs)
             Began as a Red Draconian Monk on Nov 4, 2015.
             Was a High Priest of Okawaru.
             Mangled by an orc warrior
             ... wielding a cursed +0 glaive
              (22 damage)
             ... on level 10 of the Dungeon.
             The game lasted 00:54:44 (11728 turns).

ReteAZ the Martial Artist (Red Draconian Monk)     Turns: 11728, Time: 00:54:44

Health: -10/91     AC:  8    Str: 13    XL:     10   Next: 66%
Magic:  15/16      EV: 14    Int: 12    God:    Okawaru [*****.]
Gold:   449        SH:  0    Dex: 16    Spells: 1 memorised, 16 levels left

rFire  + . .     SeeInvis .       - Unarmed
rCold  . . .     Clarity  .     (armour unavailable)
rNeg   . . .     SustAt   +     (no shield)
rPois  .         Gourm    .     (helmet restricted)
rElec  .         Spirit   .     (no cloak)
rCorr  .         Warding  .     A - +0 pair of gloves
rMut   .         Stasis   .     (boots currently unavailable)
MR     +....                    m - amulet of faith
Stlth  ++........               r - ring of sustain attributes
                                n - ring of protection from magic

@: short of breath, appendage, finesse, somewhat resistant to hostile
enchantments, unstealthy
A: breathe fire, unfitting armour, talons 3, fire resistance 1, cold-blooded, AC
+7
a: Breathe Fire, End Transformation, Heroism, Finesse, Renounce Religion


You were on level 10 of the Dungeon.
You worshipped Okawaru.
Okawaru was extremely pleased with you.
You were hungry.
You had grown temporary talons.
You visited 2 branches of the dungeon, and saw 11 of its levels.
You also visited: Sewer.

You collected 449 gold pieces.

Inventory:

Hand Weapons
 g - a +0 dagger of speed
 k - a +0 short sword of venom
 y - a +1 dagger of holy wrath
Missiles
 p - 6 silver tomahawks
 K - a throwing net (quivered)
Armour
 A - a +0 pair of gloves (worn)
Jewellery
 m - an amulet of faith (around neck)
 n - a ring of protection from magic (left hand)
 r - a ring of sustain attributes (right hand)
 x - an uncursed ring of flight
Wands
 e - a wand of slowing (48)
 s - a wand of confusion (23)
 t - a wand of polymorph (16)
 J - a wand of random effects (26)
Scrolls
 h - a scroll of noise
 i - 7 scrolls of identify
 q - a scroll of amnesia
 w - a scroll of teleportation
 B - a scroll of enchant armour
 C - 2 scrolls of remove curse
 F - a scroll of random uselessness {unknown}
 I - 4 scrolls of magic mapping
 L - a scroll of fear
Potions
 d - 3 potions of flight
 j - a potion of cancellation {unknown}
 l - a potion of degeneration {unknown}
 u - a potion of might
 v - a potion of mutation {unknown}
 z - 2 potions of curing
 D - 2 potions of invisibility {unknown}
 G - a potion of haste
 H - a potion of poison {unknown}
Books
 c - a book of Changes

   Spells                             Type                      Level
   a - Beastly Appendage              Transmutation                1
   b - Sticks to Snakes               Transmutation                2
   c - Spider Form                    Transmutation/Poison         3
   d - Ice Form                       Ice/Transmutation            4
   e - Blade Hands                    Transmutation                5
 o - a book of Party Tricks

   Spells                             Type                      Level
   a - Summon Butterflies             Summoning                    1
   b - Apportation                    Translocation                1
   c - Tukima's Dance                 Hexes                        3
   d - Alistair's Intoxication        Transmutation/Poison         4
   e - Invisibility                   Hexes                        6
Comestibles
 a - 10 bread rations
 b - 5 meat rations
 f - 3 slices of pizza
 E - 2 chunks of flesh


   Skills:
 + Level 9.4 Fighting
 * Level 4.5 Dodging
 - Level 1.7 Stealth
 - Level 12.0 Unarmed Combat
 - Level 4.0 Spellcasting
 + Level 5.2 Transmutations


You had 16 spell levels left.
You knew the following spells:

 Your Spells              Type           Power        Failure   Level  Hunger
a - Beastly Appendage     Trmt           ##....       2%          1    #......


Dungeon Overview and Level Annotations

Branches:
Dungeon (10/15)            Temple (1/1) D:5            Lair (0/8) D:9
    Orc: D:9-12

Altars:
Ashenzari
Cheibriados
Dithmenos
Elyvilon
Fedhas
Gozag
Kikubaaqudgha
Makhleb
Nemelex Xobeh
Okawaru
Qazlal
Ru
Sif Muna
Trog
Vehumet
Xom
Yredelemnul
Zin
The Shining One
Beogh

Shops:
D:7 ?

Annotations:
D:3 Vex's ghost, amateur MiFi
D:9 Gastronok


Innate Abilities, Weirdness & Mutations

You can breathe blasts of fire.
Your fiery red scales are hard (AC +7).
Your body does not fit into most forms of armour.
Your flesh is heat resistant.
You are cold-blooded and may be slowed by cold attacks.
You have claws for feet.


Message History

You punch the orc!
You kill the orc!
Okawaru accepts your kill.
The orc warrior hits you from afar with a glaive!
* * * LOW HITPOINT WARNING * * *
You have got your breath back.
Press: ? - help, Shift-Dir - straight line, f - orc warrior
Aim: an orc warrior, wielding a glaive and wearing a plate armour You breathe a blast of fire.
The fiery breath hits the orc warrior.
The orc warrior is lightly wounded.
You are feeling hungry.
Drink which item? (? for menu, Esc to quit)
Okay, then.
Casting: Beastly Appendage
Confirm with . or Enter, or press ? or * to list all spells.
Your feet morph into talons.
The orc warrior hits you from afar with a glaive!
* * * LOW HITPOINT WARNING * * *
The orc warrior hits you with a glaive!!
You die...

#......#
#....o.#
#......#
####......#
..........#
####......#
#......#
#######.##
#..@ooo§#
###'########
#..........#
#.(........#
##.........>#
g.............#
...#..........#
....#..........#
... #..........#


You could see an orc warrior and 2 orcs.

Vanquished Creatures
  Erica (D:9)
  An unseen horror (D:10)
  A troll (D:8)
  Sigmund (D:2)
  A wyvern (D:9)
  A spriggan (D:7)
  A deep elf mage (D:7)
  2 hippogriffs (D:8)
  A hungry ghost (D:9)
  A water moccasin (D:6)
  A black bear (D:7)
  A phantom (D:9)
  6 orc warriors
  2 sky beasts
  5 ogres
  2 centaurs
  A big kobold (Sewer)
  4 giant frogs
  A water moccasin zombie (D:6)
  2 killer bees (D:8)
  2 scorpions (D:8)
  3 crimson imps
  A giant frog zombie (D:6)
  A centaur zombie (D:5)
  6 orc wizards
  Ijyb (D:2)
  2 centaur skeletons
  6 hounds
  2 jellies
  7 orc priests
  2 giant frog skeletons
  Terence (D:3)
  3 iguanas
  4 worker ants
  Robin (D:2)
  13 adders
  2 worker ant zombies
  10 river rats
  2 shadow imps
  2 oozes
  An adder zombie (D:5)
  An adder skeleton (D:8)
  2 worms
  11 giant geckos
  45 orcs
  8 bats
  8 hobgoblins
  15 jackals
  8 quokkas
  5 giant cockroaches
  4 giant newts
  20 goblins
  15 kobolds
  2 quokka skeletons (D:4)
  A quokka zombie (D:5)
  19 rats
272 creatures vanquished.

Vanquished Creatures (others)
  A killer bee (D:8)
  A jelly (D:8)
2 creatures vanquished.

Grand Total: 274 creatures vanquished

Notes
Turn   | Place    | Note
--------------------------------------------------------------
     0 | D:1      | ReteAZ the Draconian Monk began the quest for the Orb.
     0 | D:1      | Reached XP level 1. HP: 19/19 MP: 1/1
   152 | D:1      | Reached XP level 2. HP: 26/26 MP: 2/2
  1163 | D:2      | Reached XP level 3. HP: 19/31 MP: 3/3
  1181 | D:2      | Noticed Robin
  1296 | D:2      | Killed Robin
  1296 | D:2      | Reached skill level 5 in Unarmed Combat
  1385 | D:2      | Noticed Sigmund
  1479 | D:2      | Found a shadowy altar of Dithmenos.
  1647 | D:2      | Noticed Ijyb
  1659 | D:2      | Killed Ijyb
  1659 | D:2      | Reached XP level 4. HP: 35/40 MP: 4/4
  2262 | D:2      | Killed Sigmund
  2262 | D:2      | Reached skill level 6 in Unarmed Combat
  2262 | D:2      | Reached XP level 5. HP: 8/47 MP: 5/5
  2262 | D:2      | Reached XP level 6. HP: 9/55 MP: 6/6
  2484 | D:2      | Found an opulent altar of Gozag.
  2765 | D:3      | Reached skill level 5 in Fighting
  3021 | D:3      | Noticed Vex's ghost (amateur MiFi)
  3253 | D:3      | Noticed Terence
  3271 | D:3      | Killed Terence
  3414 | D:3      | Reached skill level 7 in Unarmed Combat
  3834 | D:4      | Found a glowing drain.
  3838 | Sewer    | Entered a sewer
  4211 | Sewer    | Your scales start taking on a fiery red colour.
  4211 | Sewer    | Gained mutation: Your flesh is heat resistant. [Red Draconian growth]
  4211 | Sewer    | Reached XP level 7. HP: 61/61 MP: 7/7
  4553 | Sewer    | Found a white marble altar of Elyvilon.
  4947 | D:4      | Reached skill level 8 in Unarmed Combat
  5789 | D:5      | Entered Level 5 of the Dungeon
  6029 | D:5      | Reached XP level 8. HP: 47/71 MP: 8/8
  6405 | D:5      | Found a staircase to the Ecumenical Temple.
  6418 | Temple   | Entered the Ecumenical Temple
  6669 | D:5      | Reached skill level 9 in Unarmed Combat
  7955 | D:6      | Reached skill level 10 in Unarmed Combat
  8161 | D:7      | Noticed a hill giant
  8240 | D:7      | Found a deep blue altar of Sif Muna.
  8589 | D:7      | Reached XP level 9. HP: 49/80 MP: 9/9
  8702 | D:7      | Found Tuymypsa's Magic Scroll Shoppe.
  8714 | D:7      | Found an iron altar of Okawaru.
  8962 | D:7      | Reached skill level 11 in Unarmed Combat
  9050 | D:7      | Became a worshipper of Warmaster Okawaru
  9050 | D:7      | Reached * piety under Okawaru
  9050 | D:7      | Reached ** piety under Okawaru
  9307 | D:7      | Found a glowing silver altar of Zin.
  9308 | D:7      | Found a burning altar of Makhleb.
  9310 | D:7      | Noticed a green death
  9313 | D:7      | Noticed an angel
  9443 | D:8      | Found a stormy altar of Qazlal.
  9696 | D:8      | Found an iron altar of Okawaru.
  9758 | D:8      | Learned a level 1 spell: Beastly Appendage
  9958 | D:8      | Reached *** piety under Okawaru
  9973 | D:8      | Reached skill level 1 in Spellcasting
  9973 | D:8      | Reached skill level 1 in Transmutations
 10442 | D:8      | Reached skill level 12 in Unarmed Combat
 10495 | D:8      | Found an ancient bone altar of Kikubaaqudgha.
 10646 | D:9      | Noticed Erica
 10656 | D:9      | Killed Erica
 10656 | D:9      | Reached **** piety under Okawaru
 10656 | D:9      | Reached XP level 10. HP: 70/91 MP: 11/14
 10662 | D:9      | Noticed Gastronok
 11370 | D:9      | Found a staircase to the Lair.
 11392 | D:10     | Entered Level 10 of the Dungeon
 11403 | D:10     | Reached ***** piety under Okawaru
 11514 | D:10     | Found a roughly hewn altar of Beogh.
 11692 | D:10     | Killed an unseen horror
 11692 | D:10     | Reached skill level 5 in Transmutations
 11728 | D:10     | Mangled by an orc warrior

Action                   |  1- 3 |  4- 6 |  7- 9 | 10-12 || total
-------------------------+-------+-------+-------+-------++-------
Melee: Unarmed           |    39 |       |   286 |    98 ||   423
       Dagger            |    72 |       |     9 |       ||    81
       Short sword       |    72 |   227 |   201 |       ||   500
Throw: Tomahawk          |       |     8 |     3 |       ||    11
       Throwing net      |       |       |     1 |       ||     1
 Cast: Beastly Appendage |       |       |     2 |     8 ||    10
Invok: Finesse           |       |       |       |     1 ||     1
 Abil: Breathe Fire      |       |       |    36 |    10 ||    46
  Use: Potion            |     1 |     2 |     5 |       ||     8
       Scroll            |       |     7 |     4 |       ||    11
 Stab: Sleeping          |     2 |     1 |     4 |     1 ||     8
  Eat: Chunk             |     2 |     8 |    16 |     6 ||    32
       Bread ration      |       |       |     3 |       ||     3
